 Dungeon Sprint DCSS version 0.20.1-1-g8b1a95d (webtiles) character file.

5942 Fang the Severer (level 10, -2/74 HPs)
             Began as a Gargoyle Berserker on Oct 22, 2018.
             Was the Champion of Trog.
             Slain by an alligator snapping turtle (8 damage)
             ... in the Dungeon (Sprint VII: "The Pits").
             The game lasted 00:04:09 (2199 turns).

Fang the Severer (Gargoyle Berserker)               Turns: 2199, Time: 00:04:09

Health: -2/74      AC: 27    Str: 26    XL:     10   Next: 83%
Magic:  10/10      EV:  9    Int: 12    God:    Trog [******]
Gold:   0          SH:  0    Dex:  9    Spells: 9/9 levels left

rFire    . . .     SeeInvis +   b - +3 battleaxe (venom)
rCold    . . .     Gourm    .   (shield currently unavailable)
rNeg     + . .     Faith    .   p - +2 plate armour
rPois    ∞         Spirit   .   y - +1 helmet {SInv}
rElec    +         Reflect  .   (no cloak)
rCorr    .         Harm     .   (no gloves)
MR       .....     NoTele   +   (no boots)
Stlth    ..........             (no amulet)
Regen    0.3/turn               u - +3 ring of strength
MPRegen  0.2/turn               v - +3 ring of intelligence

@: no status effects
A: negative energy resistance 1, electricity resistance, unbreathing,
petrification resistance, rot immunity, AC +7
a: Berserk, Trog's Hand, Brothers in Arms, Burn Spellbooks, Renounce Religion


You were in the Dungeon.
You worshipped Trog.
Trog was exalted by your worship.
You were not hungry.

You visited 1 branch

Inventory:

Hand Weapons
 b - a +3 battleaxe of venom (weapon)
 o - a +0 hand axe of chopping
 r - a +3 broad axe of freezing
 s - a +5 antimagic executioner's axe
 x - a +2 battleaxe of freezing
Armour
 p - a +2 plate armour (worn)
 y - a +1 helmet of see invisible (worn)
Jewellery
 u - a +3 ring of strength (left hand)
 v - a +3 ring of intelligence (right hand)
Wands
 j - a wand of flame (18/48)
Scrolls
 i - a scroll of blinking
 k - 3 scrolls of remove curse
 l - a scroll of summoning
Potions
 a - 2 potions of invisibility
 d - 6 potions of curing
 e - 10 potions of heal wounds
 f - 2 potions of haste
 g - 4 potions of magic
 h - 4 potions of berserk rage
 q - 2 potions of brilliance
Comestibles
 c - 8 bread rations
 m - 39 fruits
 n - 7 meat rations


   Skills:
 + Level 13.7 Fighting
 + Level 16.1 Axes
 + Level 12.3 Armour
 + Level 5.0 Dodging
 + Level 0.2 Stealth


You had 9 spell levels left.
You didn't know any spells.

Dungeon Overview and Level Annotations

Branches:
Dungeon (1/1)

Altars:
Ashenzari
Cheibriados
Dithmenos
Elyvilon
Fedhas
Gozag
Hepliaklqana
Kikubaaqudgha
Makhleb
Nemelex Xobeh
Okawaru
Qazlal
Ru
Sif Muna
Trog
Uskayaw
Vehumet
Xom
Yredelemnul
Zin
The Shining One
Beogh
Jiyva
Lugonu


Innate Abilities, Weirdness & Mutations

You are resistant to torment.
Your stone body is resilient. (AC +7)
You are immune to poison.
You resist negative energy. (rN+)
You are resistant to electric shocks. (rElec)
You can survive without breathing.
You are immune to petrification.
You are immune to rotting.


Message History

You hit the alligator snapping turtle but do no damage.
The alligator snapping turtle is moderately wounded.
The alligator snapping turtle bites you!
You are too injured to fight recklessly!
You are too injured to fight recklessly!
You are too injured to fight recklessly!
You are too injured to fight recklessly!
You are too injured to fight recklessly!
You are too injured to fight recklessly!
You are too injured to fight recklessly!
You are too injured to fight recklessly!
You slash the alligator snapping turtle!
The alligator snapping turtle looks as sick as possible!
The alligator snapping turtle is moderately wounded.
The alligator snapping turtle bites you!!
* * * LOW HITPOINT WARNING * * *
Your plate armour prevents you from hitting the alligator snapping turtle.
The alligator snapping turtle is moderately wounded.
The alligator snapping turtle bites you!
You die...

''######
''################
..#..............#
..##..............
..####...#'######.
..#..#####.##...##+##
..#)...##...#)..#...#
))))....#...#...#...#
..))....'...'.).@t..+
..'.....#...#...#...#
..#....##...#...#...#
..#..#####.##...##+##
..####...#'######..
..##.....)........#
..#..............##
##################


You could see an alligator snapping turtle.

Vanquished Creatures
  A nagaraja (D)
  A shadow wraith (D)
  An unseen horror (D)
  A flayed ghost (D)
  A deep troll (D)
  A manticore (D)
  A rime drake (D)
  A troll (D)
  A demonic crawler (D)
  A tarantella (D)
  A wyvern (D)
  Eustachio (D)
  5 insubstantial wisps (D)
  A small abomination (D)
  A sky beast (D)
  A phantom (D)
  A big kobold (D)
  A gnoll sergeant (D)
  2 scorpions (D)
  A crimson imp (D)
  2 hounds (D)
  A quasit (D)
  An orc priest (D)
  2 jellies (D)
  2 orc wizards (D)
  An iguana (D)
  Jessica (D)
  5 gnolls (D)
  An adder zombie (D)
  7 orcs (D)
  A ball python (D)
  A bat skeleton (D)
  2 goblins (D)
  2 jackals (D)
  A quokka (D)
  A frilled lizard (D)
  A leopard gecko skeleton (D)
  A quokka zombie (D)
  A rat (D)
59 creatures vanquished.

Vanquished Creatures (others)
  A moth of wrath (D)
1 creature vanquished.

Grand Total: 60 creatures vanquished

Notes
Turn   | Place    | Note
-------+----------+-------------------------------------------
     0 | D        | Fang the Gargoyle Berserker began the quest for the Orb.
     0 | D        | Reached XP level 1. HP: 14/14 MP: 1/1
     6 | D        | Killed a moth of wrath
    20 | D        | Found a bloodstained altar of Trog.
    20 | D        | Found a deep blue altar of Sif Muna.
    20 | D        | Found a viscous altar of Jiyva.
    20 | D        | Found a hazy altar of Hepliaklqana.
    20 | D        | Found an opulent altar of Gozag.
    21 | D        | Found a glowing golden altar of the Shining One.
    21 | D        | Found a glowing silver altar of Zin.
    21 | D        | Found a basalt altar of Yredelemnul.
    21 | D        | Found a shimmering altar of Xom.
    21 | D        | Found a sacrificial altar of Ru.
    21 | D        | Found a stormy altar of Qazlal.
    21 | D        | Found an iron altar of Okawaru.
    21 | D        | Found a sparkling altar of Nemelex Xobeh.
    21 | D        | Found a burning altar of Makhleb.
    21 | D        | Found a blossoming altar of Fedhas.
    21 | D        | Found a white marble altar of Elyvilon.
    21 | D        | Found a shadowy altar of Dithmenos.
    21 | D        | Found a snail-covered altar of Cheibriados.
    23 | D        | Found a radiant altar of Vehumet.
    23 | D        | Found a corrupted altar of Lugonu.
    23 | D        | Found a roughly hewn altar of Beogh.
    67 | D        | Reached ** piety under Trog
    72 | D        | Reached skill level 3 in Axes
    84 | D        | Reached *** piety under Trog
    84 | D        | Reached XP level 2. HP: 20/20 MP: 2/2
   154 | D        | Noticed a phantom
   154 | D        | Noticed a big kobold
   154 | D        | Noticed Jessica
   157 | D        | Reached **** piety under Trog
   160 | D        | Reached skill level 4 in Axes
   163 | D        | Reached skill level 5 in Fighting
   163 | D        | Reached skill level 5 in Axes
   163 | D        | Reached XP level 3. HP: 27/27 MP: 3/3
   168 | D        | Killed a phantom
   168 | D        | Reached ***** piety under Trog
   168 | D        | Reached skill level 6 in Axes
   168 | D        | Reached XP level 4. HP: 34/34 MP: 4/4
   168 | D        | Reached XP level 5. HP: 38/38 MP: 5/5
   170 | D        | Killed a big kobold
   170 | D        | Reached skill level 7 in Axes
   171 | D        | Received a gift from Trog
   171 | D        | Reached skill level 8 in Axes
   171 | D        | Reached XP level 6. HP: 45/45 MP: 6/6
   179 | D        | Killed Jessica
   179 | D        | Received a gift from Trog
   189 | D        | Reached skill level 5 in Armour
   324 | D        | Reached skill level 9 in Axes
   327 | D        | Noticed a demonic crawler
   337 | D        | Killed a demonic crawler
   337 | D        | Reached skill level 10 in Fighting
   337 | D        | Reached skill level 10 in Axes
   337 | D        | Reached XP level 7. HP: 23/52 MP: 2/7
   608 | D        | Noticed a flayed ghost
   615 | D        | Killed a flayed ghost
   615 | D        | Received a gift from Trog
   615 | D        | Reached ****** piety under Trog
   615 | D        | Reached skill level 12 in Axes
   615 | D        | Reached XP level 8. HP: 60/60 MP: 2/8
   925 | D        | Killed an unseen horror
   925 | D        | Reached XP level 9. HP: 34/64 MP: 3/9
  1147 | D        | Found a hide-covered altar of Uskayaw.
  1147 | D        | Found an ancient bone altar of Kikubaaqudgha.
  1147 | D        | Found a shattered altar of Ashenzari.
  1189 | D        | Received a gift from Trog
  1189 | D        | Reached skill level 13 in Axes
  1207 | D        | Reached skill level 10 in Armour
  1407 | D        | Noticed a rime drake
  1414 | D        | Killed a rime drake
  1420 | D        | Killed a shadow wraith
  1420 | D        | Received a gift from Trog
  1420 | D        | Reached skill level 14 in Axes
  1420 | D        | Reached skill level 5 in Dodging
  1639 | D        | Noticed a deep troll
  1640 | D        | Noticed a troll
  1640 | D        | Noticed Eustachio
  1649 | D        | Killed a troll
  1649 | D        | Reached XP level 10. HP: 56/72 MP: 10/10
  1653 | D        | Killed Eustachio
  1655 | D        | Killed a deep troll
  1655 | D        | Reached skill level 15 in Axes
  1863 | D        | Noticed a nagaraja
  1865 | D        | Noticed a manticore
  1868 | D        | Received a gift from Trog
  1872 | D        | Killed a manticore
  1891 | D        | Killed a nagaraja
  1891 | D        | Reached skill level 16 in Axes
  2193 | D        | Noticed an alligator snapping turtle
  2199 | D        | Slain by an alligator snapping turtle

Skill      XL: |  1  2  3  4  5  6  7  8  9 10 |
---------------+-------------------------------+-----
Fighting       | 4 5 7 8 10 11 12 13 | 13.7
Axes           | 3 5 6 8 10 12 14 16 | 16.1
Armour         | 3 4 6 7 9 11 12 | 12.3
Dodging        | 2 3 4 5 |  5.0
Stealth        | |  0.2

Action                   |  1- 3 |  4- 6 |  7- 9 | 10-12 || total
-------------------------+-------+-------+-------+-------++-------
Melee: Hand axe          |    33 |    14 |       |       ||    47
       Executioner's axe |       |    10 |    41 |       ||    51
       Battleaxe         |       |       |    27 |    33 ||    60
Invok: Berserk           |     1 |     1 |     2 |     1 ||     5
  Use: Potion            |       |       |     3 |     1 ||     4
  Eat: Chunk             |       |       |     4 |     4 ||     8
       Fruit             |       |       |     1 |       ||     1
Armor: Animal skin       |     5 |       |       |       ||     5
       Plate armour      |     6 |    30 |   192 |    28 ||   256
Dodge: Dodged            |    20 |    12 |    61 |     9 ||   102
